 Dungeon Crawl Stone Soup version 0.24-a0-613-g1ff6aac338 (webtiles) character file.

Game seed: 6440024062958292832, levelgen mode: deterministic

16531 Jorund the Quickloader (level 12, -2/102 HPs)
             Began as a Formicid Hunter on Sept 10, 2019.
             Was a High Priest of Okawaru.
             Slain by an ice devil (9 damage)
             ... in an ice cave.
             The game lasted 00:29:59 (11620 turns).

Jorund the Quickloader (Formicid Hunter)           Turns: 11620, Time: 00:30:00

Health: -2/102     AC:  8    Str: 20    XL:     12   Next: 71%
Magic:  14/14      EV: 15    Int: 15    God:    Okawaru [*****.]
Gold:   525        SH:  6    Dex: 11    Spells: 9/11 levels left

rFire    + . .     SeeInvis +   K - +3 hand crossbow (freeze)
rCold    . . .     Gourm    .   w - +2 buckler
rNeg     . . .     Faith    .   k - +2 robe {rF+}
rPois    .         Spirit   .   (helmet unavailable)
rElec    .         Reflect  .   b - +0 cloak
rCorr    .         Harm     .   i - +1 pair of gloves
MR       ++...                  (no boots)
Stlth    ++........             (no amulet)
HPRegen  0.27/turn              t - +3 ring of evasion
MPRegen  0.14/turn              y - ring of protection from magic

@: no status effects
A: permanent stasis, dig shafts and tunnels, four strong arms, antennae 3,
blurry vision 1, strong 1
a: Dig, Shaft Self, Heroism, Finesse, Renounce Religion


You were in an ice cave.
You worshipped Okawaru.
Okawaru was extremely pleased with you.
You were not hungry.

You visited 3 branches of the dungeon, and saw 13 of its levels.
You also visited: Ice Cave.

You collected 525 gold pieces.

Inventory:

Hand Weapons
 m - a +1 short sword of electrocution
 x - a +3 war axe of venom
 C - the +7 halberd of Exquisite Torment {chop, rPois}
   (You found it on level 7 of the Dungeon)

   It inflicts extra damage upon your enemies.
   It protects you from poison.
 K - a +3 hand crossbow of freezing (weapon)
Missiles
 d - 60 bolts (quivered)
 j - 57 poisoned darts
 B - a throwing net
Armour
 b - a +0 cloak (worn)
 c - a +0 leather armour
 i - a +1 pair of gloves (worn)
 k - a +2 robe of fire resistance (worn)
 r - a +0 crystal plate armour
 w - a +2 buckler (worn)
 M - the +0 scale mail "Diqitsoovu" {rElec SInv}
   (Okawaru gifted it to you on level 11 of the Dungeon)

   It insulates you from electricity.
   It lets you see invisible.
Magical Staves
 q - an uncursed staff of power
Jewellery
 a - an uncursed amulet of harm
 g - a +3 ring of strength
 t - a +3 ring of evasion (left hand)
 y - a ring of protection from magic (right hand)
 E - an uncursed ring of wizardry
 J - an uncursed ring of positive energy
Wands
 n - a wand of digging (4)
 v - a wand of iceblast (7)
 I - a wand of flame (14)
 L - a wand of scattershot (3)
Scrolls
 l - 10 scrolls of teleportation
 o - 2 scrolls of fog
 p - 5 scrolls of remove curse
 u - a scroll of amnesia
 z - a scroll of fear
 F - 3 scrolls of enchant armour
 G - 2 scrolls of blinking
 H - 4 scrolls of identify
Potions
 e - a potion of cancellation
 h - 3 potions of heal wounds
 s - a potion of magic
 A - a potion of might
 D - a potion of flight
 N - a potion of curing
Comestibles
 f - 15 rations


   Skills:
 + Level 12.1 Fighting
 - Level 7.4 Short Blades
 + Level 12.4 Crossbows
 + Level 8.4 Armour
 - Level 1.7 Dodging
 - Level 1.2 Stealth
 - Level 2.5 Shields
 * Level 3.8 Invocations


You had 9 spell levels left.
You knew the following spells:

 Your Spells              Type           Power        Failure   Level  Hunger
a - Passwall              Tmut/Erth      #.......     38%         2    ###....

Your spell library contained the following spells:

 Spells                   Type           Power        Failure   Level  Hunger
 Confusing Touch          Hex            #.....       26%         1    ##.....
 Sandblast                Erth           #.....       26%         1    ##.....
 Confuse                  Hex            #.......     63%         3    ####...
 Gell's Gravitas          Tloc           #.........   63%         3    ####...
 Stone Arrow              Conj/Erth      #.....       63%         3    ####...
 Petrify                  Tmut/Erth      #.......     95%         4    #####..
 Lee's Rapid Deconstruct  Erth           #.........   100%        5    ######.
 Metabolic Englaciation   Hex/Ice        #.........   100%        5    ######.
 Yara's Violent Unravell  Hex/Tmut       #.........   100%        5    ######.


Dungeon Overview and Level Annotations

Branches:
Dungeon (11/15)            Temple (1/1) D:5            Lair (1/6) D:11
  IceCv (1/1)
    Orc: D:9-12

Altars:
Ashenzari
Cheibriados
Dithmenos
Elyvilon
Fedhas
Gozag
Hepliaklqana
Kikubaaqudgha
Makhleb
Nemelex Xobeh
Okawaru
Qazlal
Sif Muna
Trog
Uskayaw
Vehumet
Wu Jian
Xom
Yredelemnul
Zin
The Shining One

Annotations:
D:4 2 transporters, flogoulo's ghost, amateur FoAK
D:11 1 runed translucent door, Thantalas's ghost, journeyman DEFE


Innate Abilities, Weirdness & Mutations

You cannot be hasted, slowed, berserked, paralysed or teleported.
You can dig through walls and to a lower floor.
Your four strong arms can wield two-handed weapons with a shield.
You have a pair of large antennae on your head. (SInv)
Scrolls take you a little longer to read.
Your muscles are strong. (Str +2)


Message History

Press: ? - help, Shift-Dir - straight line, f/p - ice devil
Aim: an ice devil (severely wounded)
You shoot a bolt. The bolt hits the ice devil.
The ice devil is severely wounded.
The ice devil misses you.
Firing (i - inventory. (/) - cycle)
d - 62 bolts (quivered)
Press: ? - help, Shift-Dir - straight line, f/p - ice devil
Aim: an ice devil (severely wounded)
You shoot a bolt. The bolt hits the ice devil.
The ice devil is severely wounded.
The ice devil misses you.
Firing (i - inventory. (/) - cycle)
d - 61 bolts (quivered)
Press: ? - help, Shift-Dir - straight line, f/p - ice devil
Aim: an ice devil (severely wounded)
You shoot a bolt. The bolt hits the ice devil.
The ice devil is severely wounded.
The ice devil hits you!
* * * LOW HITPOINT WARNING * * *
The ice devil freezes you!
You die...

#### { .
##..###### ...
##....##..##.....
#........@4..(..(
#..∩∩.........(((
#.......##.......
##....### ##.....
##..## #.... ####
{.... ... ..


You could see an ice devil.

Vanquished Creatures
  Harold (D:7)
  Erolcha (D:10)
  4 two-headed ogres
  An unseen horror (D:10)
  2 ugly things (D:11)
  A cyclops (D:11)
  2 rime drakes (Lair:1)
  3 trolls
  Prince Ribbit (D:7)
  A hippogriff (D:10)
  A vampire (D:9)
  17 yaks
  4 wyverns
  Grum (D:11)
  2 hungry ghosts (D:10)
  2 water moccasins
  Duvessa (D:5)
  An orc warrior (D:11)
  2 sky beasts
  4 black bears (D:11)
  4 phantoms
  2 ice beasts
  A necrophage (D:10)
  4 centaurs
  3 wolves
  7 ogres
  2 crocodiles
  A big kobold (D:11)
  8 bullfrogs
  Dowan (D:5)
  5 scorpions
  4 wights (D:10)
  A howler monkey (D:8)
  2 centaur zombies
  A quasit (D:9)
  5 crimson imps
  A jelly (D:11)
  A bullfrog zombie (D:11)
  A centaur skeleton (D:6)
  5 orc priests
  4 hounds
  9 orc wizards
  Crazy Yiuf (D:3)
  Ijyb (D:5)
  3 iguanas
  10 worker ants
  2 hound skeletons
  A howler monkey skeleton (D:9)
  10 adders
  3 gnolls (D:8)
  5 shadow imps
  An ooze (D:1)
  2 worms
  A dart slug (D:2)
  5 leopard geckos
  53 orcs
  5 giant cockroaches
  8 goblins
  8 hobgoblins
  10 jackals
  3 quokkas
  5 bats
  6 frilled lizards
  A goblin skeleton (D:6)
  2 hobgoblin zombies (D:6)
  A jackal zombie (D:5)
  8 kobolds
  A kobold skeleton (D:6)
  3 kobold zombies (D:6)
  2 leopard gecko skeletons
  An orc skeleton (D:6)
  A quokka skeleton (D:5)
  7 rats
294 creatures vanquished.

Vanquished Creatures (others)
  48 fungi (D:11)
  30 plants (D:11)
78 creatures vanquished.

Grand Total: 372 creatures vanquished

Notes
Turn   | Place    | Note
-------+----------+-------------------------------------------
     0 | D:1      | Jorund the Formicid Hunter began the quest for the Orb.
     0 | D:1      | Reached XP level 1. HP: 16/16 MP: 1/1
   144 | D:1      | Reached XP level 2. HP: 22/22 MP: 2/2
   391 | D:1      | Reached XP level 3. HP: 26/27 MP: 3/3
   481 | D:1      | Reached skill level 5 in Crossbows
   924 | D:2      | Reached skill level 1 in Short Blades
  1208 | D:2      | Reached XP level 4. HP: 32/33 MP: 4/4
  1563 | D:2      | Found a faded altar of an unknown god.
  1829 | D:3      | Reached XP level 5. HP: 27/38 MP: 5/5
  1961 | D:3      | Found a shadowy altar of Dithmenos.
  2114 | D:3      | Found a runed translucent door.
  2115 | D:3      | Noticed Crazy Yiuf
  2238 | D:3      | Reached XP level 6. HP: 40/44 MP: 6/6
  2804 | D:3      | Gained mutation: Scrolls take you a little longer to read.
                  | [potion of mutation]
  2804 | D:3      | Gained mutation: Your muscles are strong. (Str +2) [potion
                  | of mutation]
  2810 | D:3      | Killed Crazy Yiuf
  2892 | D:4      | Reached skill level 5 in Short Blades
  3079 | D:4      | Reached XP level 7. HP: 37/50 MP: 7/7
  3238 | D:4      | Found a transporter.
  3241 | D:4      | Found a transporter.
  3241 | D:4      | Noticed flogoulo's ghost (amateur FoAK)
  3348 | D:5      | Entered Level 5 of the Dungeon
  3356 | D:5      | Noticed Duvessa
  3357 | D:5      | Noticed Dowan
  3600 | D:5      | Killed Duvessa
  3607 | D:5      | Killed Dowan
  3640 | D:5      | Found a shimmering altar of Xom.
  3691 | D:5      | Identified the +4 hand axe of Qaaleigo {chaos, rC- Str+3
                  | Dex+5}
  3733 | D:5      | Reached XP level 8. HP: 31/56 MP: 8/8
  3784 | D:5      | Reached skill level 1 in Armour
  4064 | D:5      | HP: 4/85 [poisoned by a water moccasin]
  4069 | D:5      | HP: 3/85 [poisoned by a water moccasin]
  4076 | D:5      | HP: 3/85 [poisoned by a water moccasin]
  4084 | D:5      | HP: 3/85 [poisoned by a water moccasin]
  4684 | D:5      | Found a staircase to the Ecumenical Temple.
  4722 | D:5      | Noticed Ijyb
  4729 | D:5      | Killed Ijyb
  5015 | Temple   | Entered the Ecumenical Temple
  5037 | Temple   | Became a worshipper of Warmaster Okawaru
  5130 | D:6      | Reached XP level 9. HP: 45/64 MP: 9/9
  5164 | D:6      | Found a burning altar of Makhleb.
  5206 | D:6      | Found a glowing golden altar of the Shining One.
  5281 | D:6      | Reached skill level 5 in Armour
  5345 | D:6      | Reached * piety under Okawaru
  5500 | D:6      | Found a burning altar of Makhleb.
  5500 | D:6      | Found an ornate altar of the Wu Jian Council.
  5500 | D:6      | Found a shattered altar of Ashenzari.
  5866 | D:7      | Reached skill level 5 in Fighting
  5955 | D:7      | Found a hazy altar of Hepliaklqana.
  6162 | D:7      | Reached skill level 1 in Shields
  6195 | D:7      | Noticed Harold
  6212 | D:7      | Killed Harold
  6212 | D:7      | Reached ** piety under Okawaru
  6212 | D:7      | Reached XP level 10. HP: 60/77 MP: 10/10
  6302 | D:7      | Found a white marble altar of Elyvilon.
  6311 | D:7      | Got a smoking halberd
  6339 | D:7      | Noticed Prince Ribbit
  6354 | D:7      | Killed Prince Ribbit
  8029 | D:9      | Reached *** piety under Okawaru
  8268 | D:9      | Noticed a two-headed ogre
  8304 | D:9      | Killed a two-headed ogre
  8304 | D:9      | Reached XP level 11. HP: 89/89 MP: 11/11
  8524 | D:9      | Noticed a two-headed ogre
  8537 | D:9      | Killed a two-headed ogre
  8537 | D:9      | Received a gift from Okawaru
  8682 | D:10     | Entered Level 10 of the Dungeon
  8747 | D:10     | Noticed an unseen horror
  8750 | D:10     | Killed an unseen horror
  8750 | D:10     | Reached **** piety under Okawaru
  8750 | D:10     | Reached skill level 10 in Fighting
  8843 | D:10     | Received a gift from Okawaru
  8843 | D:10     | Reached skill level 10 in Crossbows
  9049 | D:10     | Noticed a two-headed ogre
  9189 | D:10     | Noticed Erolcha
  9201 | D:10     | Killed Erolcha
  9201 | D:10     | Reached ***** piety under Okawaru
  9352 | D:10     | Killed a two-headed ogre
  9352 | D:10     | Received a gift from Okawaru
  9740 | D:11     | Noticed a red ugly thing
  9740 | D:11     | Noticed Grum
  9740 | D:11     | Noticed a cyclops
  9809 | D:11     | Reached XP level 12. HP: 83/100 MP: 12/12
  9832 | D:11     | Learned a level 2 spell: Passwall
  9841 | D:11     | Found a runed translucent door.
  9845 | D:11     | Noticed Thantalas's ghost (journeyman DEFE)
  9845 | D:11     | Identified the +10 trident of the Viper {elec, Str+2}
  9846 | D:11     | Noticed a spriggan rider
  9875 | D:11     | Noticed a two-headed ogre
  9886 | D:11     | Killed a two-headed ogre
  9886 | D:11     | Received a gift from Okawaru
  9886 | D:11     | Reached skill level 1 in Invocations
  9904 | D:11     | Got a warped scale mail {god gift}
  9923 | D:11     | Identified the +0 scale mail "Diqitsoovu" {rElec SInv}
                  | (Okawaru gifted it to you on level 11 of the Dungeon)
 10249 | D:11     | Killed Grum
 10680 | D:11     | Found a staircase to the Lair.
 11410 | Lair:1   | Entered Level 1 of the Lair of Beasts
 11529 | Lair:1   | Found a frozen archway.
 11581 | Lair:1   | Identified the +7 halberd of Exquisite Torment {chop,
                  | rPois} (You found it on level 7 of the Dungeon)
 11593 | IceCv    | Entered an ice cave
 11620 | IceCv    | Slain by an ice devil

Levels and vault maps discovered:
D:1:      lemuel_arrival_tunnels, layout_basic, serial_park_tiny_1,
          minmay_misc_feat_rows
D:2:      layout_loops_ring, chequers_ecumenical_altar_island,
          minmay_split_cup_small
D:3:      layout_loops_ring, lemuel_doored_altar, uniq_crazy_yiuf_cottage
D:4:      layout_rooms, gammafunk_ghost_arena, first_ration
D:5:      layout_loops_corners, minmay_temple_entry_poolview, xom_teletrap_fun,
          uniq_ijyb, uniq_duvessa
D:6:      layout_loops_ring, minitemple, nicolae_tso_besieged_by_evil,
          basic_altar
D:7:      cheibrodos_quashed, layout_loops_ring, kennysheep_mini_moat,
          lemuel_tele_altar, uniq_harold, uniq_prince_ribbit1
D:8:      layout_gridville
D:9:      layout_roguey
D:10:     layout_basic, uniq_erolcha
D:11:     layout_loops_cross, due_lair_maze_entry_diamond,
          ebering_ghost_funeral_grove, uniq_grum
Temple:   nicolae_temple_x_marks_the_god
Lair:1:   layout_gridlike, portal_ice_cave_rime
IceCv:    ice_cave_tombish

Skill      XL: |  1  2  3  4  5  6  7  8  9 10 11 12 |
---------------+-------------------------------------+-----
Crossbows      | 5 6 7 8 11 12 | 12.4
Short Blades   | 1 2 4 5 7 |  7.4
Armour         | 4 6 8 |  8.4
Fighting       | 3 6 9 11 12 | 12.1
Shields        | 2 |  2.5
Invocations    | 3 |  3.8
Dodging        | |  1.7
Stealth        | |  1.2

Action                   |  1- 3 |  4- 6 |  7- 9 | 10-12 || total
-------------------------+-------+-------+-------+-------++-------
Melee: Short sword       |    30 |   136 |   304 |   243 ||   713
 Fire: Hand crossbow     |    58 |       |     7 |   344 ||   409
Throw: Dart              |     7 |    13 |     4 |     8 ||    32
       Throwing net      |       |       |       |     1 ||     1
Invok: Heroism           |       |       |       |     1 ||     1
  Use: Potion            |     2 |     1 |     4 |       ||     7
       Scroll            |       |     3 |    11 |    10 ||    24
 Stab: Sleeping          |       |       |     1 |       ||     1
       Distracted        |       |       |     1 |       ||     1
  Eat: Chunk             |     1 |     5 |    11 |    17 ||    34
Armor: Leather armour    |    16 |    14 |    33 |       ||    63
       Robe              |       |       |     9 |    54 ||    63
Dodge: Dodged            |    35 |    59 |   108 |   214 ||   416
Block: Buckler           |       |       |    20 |    81 ||   101

Table legend:
 A = Non-vault XP
 B = Vault XP
 C = Vault XP percentage of total XP
 D = Non-vault monster count
 E = Vault monster count
 F = Vault count percentage of total count
                 A         B        C        D         E       F
            +---------+---------+-------+---------+---------+-------
      Total |   17807 |    5809 |  24.6 |     257 |      37 |  12.6
            +---------+---------+-------+---------+---------+-------
        D:1 |      40 |       0 |   0.0 |      22 |       0 |   0.0
        D:2 |      80 |      17 |  17.5 |      17 |       3 |  15.0
        D:3 |     171 |      37 |  17.8 |      25 |       1 |   3.8
        D:4 |     239 |       0 |   0.0 |      12 |       0 |   0.0
        D:5 |     954 |     262 |  21.5 |      29 |       3 |   9.4
        D:6 |     969 |      19 |   1.9 |      20 |       9 |  31.0
        D:7 |     394 |    1298 |  76.7 |      12 |       2 |  14.3
        D:8 |     814 |       0 |   0.0 |      27 |       0 |   0.0
        D:9 |    4114 |       0 |   0.0 |      27 |       0 |   0.0
       D:10 |    4793 |    1135 |  19.1 |      31 |       2 |   6.1
       D:11 |    5130 |    2295 |  30.9 |      34 |      15 |  30.6
     Lair:1 |     109 |     746 |  87.3 |       1 |       2 |  66.7
            +---------+---------+-------+---------+---------+-------
